 Dungeon Crawl Stone Soup version 0.16.1-4-g8e1b745 (webtiles) character file.

2566 karlm the Fighter (level 9, -5/60 HPs)
             Began as a Gargoyle Fighter on Mar 26, 2015.
             Was a Follower of Okawaru.
             Slain by a komodo dragon (13 damage)
             ... on level 1 of the Lair of Beasts.
             The game lasted 00:42:01 (9805 turns).

karlm the Fighter (Gargoyle Fighter)                Turns: 9805, Time: 00:42:01

Health: -5/60      AC: 19    Str: 20    XL:     9   Next: 57%
Magic:  11/11      EV:  4    Int: 13    God:    Okawaru [*.....]
Gold:   337        SH: 10    Dex: 12    Spells: 0 memorised, 8 levels left

rFire  . . .     SeeInvis .     a - +2 trident
rCold  . . .     Clarity  .     k - +0 plate armour
rNeg   + . .     SustAb   .     c - +0 shield
rPois  ∞         Gourm    .     (helmet restricted)
rElec  +         Spirit   .     F - +0 cloak
rCorr  .         Warding  .     (no gloves)
rMut   .         Stasis   .     (no boots)
MR     .....                    (no amulet)
Stlth  ..........               (no ring)
                                w - +4 ring of intelligence

@: not resistant to hostile enchantments, extremely unstealthy
A: antennae 1, hooves 1, low mp 2, negative energy resistance 1, electricity
resistance, unbreathing, petrification resistance, rot immunity, AC +5
a: Heroism, Renounce Religion


You were on level 1 of the Lair of Beasts.
You worshipped Okawaru.
Okawaru was aware of your devotion.
You were not hungry.

You visited 3 branches of the dungeon, and saw 10 of its levels.
You also visited: Sewer.

You collected 337 gold pieces.

Inventory:

Hand weapons
 a - a +2 trident (weapon)
 r - a +0 blowgun
 E - a +0 hunting sling
Missiles
 b - 4 javelins of returning (quivered)
 j - 298 stones
 m - 4 needles of slowing
 s - 40 poisoned needles
 D - a throwing net
 J - 4 tomahawks
Armour
 c - a +0 shield (worn)
 k - a +0 plate armour (worn)
 y - a +1 helmet
 F - a +0 cloak (worn)
Jewellery
 i - an uncursed ring of teleportation
 w - a +4 ring of intelligence (left hand)
Magical devices
 h - a wand of heal wounds (2)
Scrolls
 g - 6 scrolls of remove curse
 t - a scroll of enchant armour
 A - a scroll of fog
 H - 3 scrolls of magic mapping
Potions
 e - 2 potions of flight
 l - 4 potions of heal wounds
 o - a potion of might
 v - 2 potions of brilliance
 x - a potion of agility
 z - 2 potions of curing
 C - a potion of magic
Comestibles
 d - 2 bread rations
 f - 3 chunks of flesh
 n - 6 meat rations


   Skills:
 * Level 8.5 Fighting
 * Level 6.3 Polearms
 + Level 6.6 Armour
 + Level 6.0 Shields
 + Level 3.5 Evocations


You had 8 spell levels left.
You didn't know any spells.

Dungeon Overview and Level Annotations

Branches:
Dungeon (8/15)             Temple (1/1) D:7            Lair (1/8) D:8

Altars:
Ashenzari
Cheibriados
Dithmenos
Elyvilon
Fedhas
Gozag
Kikubaaqudgha
Makhleb
Nemelex Xobeh
Okawaru
Qazlal
Ru
Sif Muna
Trog
Vehumet
Xom
Yredelemnul
Zin
The Shining One

Annotations:
D:8 Psyche


Innate Abilities, Weirdness & Mutations

You are resistant to torment.
You are immune to poison.
Your stone body is very resilient (AC +5).
You resist negative energy.
You are resistant to electric shocks.
You can survive without breathing.
You are immune to petrification.
You are immune to rotting.
You have a pair of small antennae on your head.
You have large cloven feet.
Your magical capacity is very low (-20% MP).


Message History

You are too injured to fight recklessly!
You are too injured to fight recklessly!
You are too injured to fight recklessly!
You are too injured to fight recklessly!
You hit the komodo dragon.
You kick the komodo dragon, but do no damage.
The komodo dragon is heavily wounded.
The komodo dragon bites you! The komodo dragon bites you.
You hit the komodo dragon.
The komodo dragon is severely wounded.
The komodo dragon bites you!
* * * LOW HITPOINT WARNING * * *
You closely miss the komodo dragon.
You kick the komodo dragon, but do no damage.
The komodo dragon is severely wounded.
You block the komodo dragon's attack.
You closely miss the komodo dragon.
The komodo dragon is severely wounded.
The komodo dragon bites you!
You die...

#..###P############.###....
#............#.#....##..♣
#.......<........†......♣ ♣
#....................÷..♣♣♣
#.##...###..##.##...##.....
# ##..###..####...........
#..P##...###...........
#...##...#............. ..
##.....@l...............
....#....####.#.#...........
.........# #.####..........
.........####l## #..........
.........l..#.P##P..........
.##P#...##.................
###...##....###..........
#...###P..# #..........
#.#.# ##...##..........


You could see a komodo dragon.

Vanquished Creatures
  A spiny frog (Lair:1)
  A wolf (D:8)
  Purgy (Sewer)
  An ogre (D:8)
  2 sky beasts (D:8)
  Blork the orc (D:5)
  3 giant frogs
  2 scorpions
  An electric eel (D:8)
  A crimson imp (D:5)
  7 hounds
  A jelly (D:6)
  A quasit (D:7)
  2 giant frog zombies
  7 orc wizards
  2 orc priests
  A gnoll shaman (D:7)
  6 worker ants
  4 iguanas
  2 hound skeletons
  A mummy (D:8)
  Robin (D:3)
  10 gnolls
  10 river rats (Lair:1)
  6 adders
  6 giant mites
  2 worms (D:2)
  7 giant geckos
  22 orcs
  16 bats
  A bat skeleton (D:8)
  A bat zombie (D:7)
  11 giant cockroaches
  16 goblins
  16 hobgoblins
  16 jackals
  14 kobolds
  7 quokkas
  A ball python (D:4)
  A giant cockroach zombie (D:6)
  6 giant newts
  A quokka skeleton (D:6)
  A quokka zombie (D:7)
  6 rats
226 creatures vanquished.

Notes
Turn   | Place    | Note
--------------------------------------------------------------
     0 | D:1      | karlm, the Gargoyle Fighter, began the quest for the Orb.
     0 | D:1      | Reached XP level 1. HP: 14/14 MP: 1/1
   261 | D:1      | Reached XP level 2. HP: 19/19 MP: 2/2
   791 | D:2      | Reached XP level 3. HP: 21/23 MP: 3/3
  1030 | D:2      | Reached skill level 4 in Fighting
  1264 | D:2      | Reached XP level 4. HP: 29/29 MP: 4/4
  1371 | D:2      | Found a deep blue altar of Sif Muna.
  1639 | D:3      | Noticed Robin
  1828 | D:3      | Killed Robin
  1884 | D:3      | Found a sparkling altar of Nemelex Xobeh.
  2198 | D:3      | Reached XP level 5. HP: 32/34 MP: 5/5
  2518 | D:4      | Reached skill level 5 in Fighting
  2594 | D:4      | Found a glowing drain.
  2613 | D:4      | Reached XP level 6. HP: 25/40 MP: 6/6
  2620 | Sewer    | Entered a sewer
  2759 | Sewer    | Noticed Purgy
  2776 | Sewer    | Killed Purgy
  3484 | D:4      | Found a shattered altar of Ashenzari.
  3506 | D:4      | Got an ancient leather armour
  3517 | D:4      | Identified the +3 leather armour of the Accordion {+Blink Int-3 Dex+5 Stlth+} (You found it on level 4 of the Dungeon)
  3931 | D:5      | Entered Level 5 of the Dungeon
  4518 | D:5      | Reached XP level 7. HP: 45/45 MP: 7/7
  4786 | D:5      | Noticed Blork the orc
  4798 | D:5      | Killed Blork the orc
  4798 | D:5      | Reached skill level 6 in Fighting
  4798 | D:5      | Reached skill level 1 in Evocations
  5096 | D:5      | Found a stormy altar of Qazlal.
  5121 | D:5      | Found a glowing silver altar of Zin.
  5125 | D:5      | Found an ancient bone altar of Kikubaaqudgha.
  5240 | D:5      | Reached skill level 5 in Armour
  5429 | D:6      | Found a glowing golden altar of the Shining One.
  5688 | D:6      | Found a snail-covered altar of Cheibriados.
  5764 | D:6      | Reached XP level 8. HP: 46/52 MP: 10/10
  5920 | D:6      | Found a stormy altar of Qazlal.
  6184 | D:6      | Found a deep blue altar of Sif Muna.
  6540 | D:7      | Reached skill level 7 in Fighting
  6751 | D:7      | Reached skill level 5 in Shields
  7021 | D:7      | Found a staircase to the Ecumenical Temple.
  7322 | D:8      | Noticed a troll
  7363 | D:7      | Reached skill level 5 in Polearms
  7583 | Temple   | Entered the Ecumenical Temple
  7616 | Temple   | Became a worshipper of Warmaster Okawaru
  7663 | Temple   | Gained mutation: You have a pair of small antennae on your head. [potion of beneficial mutation]
  8037 | D:8      | Gained mutation: Your magical capacity is low (-10% MP). [potion of mutation]
  8037 | D:8      | Gained mutation: You have large cloven feet. [potion of mutation]
  8037 | D:8      | Gained mutation: Your magical capacity is very low (-20% MP). [potion of mutation]
  8073 | D:8      | Found a staircase to the Lair.
  8261 | D:8      | Reached XP level 9. HP: 58/58 MP: 10/10
  8360 | D:8      | Acquired Okawaru's first power
  8376 | D:8      | Reached skill level 8 in Fighting
  8491 | D:8      | Noticed Psyche
  9313 | Lair:1   | Entered Level 1 of the Lair of Beasts
  9629 | Lair:1   | Noticed a spiny frog
  9655 | Lair:1   | Killed a spiny frog
  9767 | Lair:1   | Noticed a komodo dragon
  9805 | Lair:1   | Slain by a komodo dragon

Action                   |  1- 3 |  4- 6 |  7- 9 || total
-------------------------+-------+-------+-------++-------
Melee: Trident           |   150 |   342 |   685 ||  1177
Throw: Stone             |       |     6 |     2 ||     8
       Javelin           |       |       |     4 ||     4
Invok: Heroism           |       |       |     1 ||     1
Evoke: Wand              |       |       |     2 ||     2
  Use: Scroll            |     2 |     2 |    22 ||    26
       Potion            |       |     1 |     4 ||     5
 Stab: Sleeping          |       |     5 |     3 ||     8
       Distracted        |       |       |     3 ||     3
  Eat: Chunk             |     1 |    11 |    19 ||    31
